 Dungeon Crawl Stone Soup version 0.26.0-16-gc1dbca0489 (webtiles) character file.

Game seed: 4139064759706287707

72 Gauvater the Shield-Bearer (level 4, 0/35 HPs)
             Began as a Formicid Fighter on Jan 19, 2021.
             Succumbed to an orc wizard's poison
             ... on level 3 of the Dungeon.
             The game lasted 00:05:14 (1613 turns).

Gauvater the Shield-Bearer (Formicid Fighter)       Turns: 1613, Time: 00:05:15

Health: 0/35       AC:  8    Str: 21    XL:     4   Next: 48%
Magic:  4/4        EV:  8    Int:  8    God:
Gold:   63         SH:  9    Dex: 10    Spells: 3/3 levels left

rFire    . . .     SeeInvis +   a - +0 war axe
rCold    . . .     Faith    .   c - +0 kite shield
rNeg     . . .     Spirit   .   b - +0 scale mail
rPois    .         Reflect  .   (helmet unavailable)
rElec    .         Harm     .   (no cloak)
rCorr    .         Rampage  .   m - +0 pair of gloves (curse)
Will     .....                  (no boots)
Stlth    ..........             (no amulet)
HPRegen  0.11/turn              (no ring)
MPRegen  0.09/turn              (no ring)

@: mighty, lethally poisoned (0 -> -16)
A: permanent stasis, dig shafts and tunnels, four strong arms, antennae 3
a: Dig, Shaft Self


You were on level 3 of the Dungeon.
You visited 1 branch of the dungeon, and saw 3 of its levels.

You collected 63 gold pieces.

Inventory:

Hand Weapons
 a - a +0 war axe (weapon)
Missiles
 g - 147 stones (quivered)
 p - 7 atropa-tipped darts
 q - a throwing net
 s - 22 bolts
Armour
 b - a +0 scale mail (worn)
 c - a +0 kite shield (worn)
 m - a cursed +0 pair of gloves (worn)
 n - a +0 plate armour
Scrolls
 f - 2 scrolls of fog {unknown}
 h - a scroll of blinking {unknown}
 i - a scroll of enchant weapon {unknown}
 j - a scroll of fear {unknown}
 k - 2 scrolls of enchant armour {unknown}
 o - a scroll of magic mapping {unknown}
 r - a scroll of identify {unknown}
Potions
 d - 2 potions of might
 e - 2 potions of haste {unknown}
 l - 2 potions of lignification {unknown}


   Skills:
 + Level 3.5 Fighting
 + Level 3.0 Axes
 + Level 4.0 Armour
 + Level 0.9 Dodging
 + Level 4.0 Shields


You had 3 spell levels left.
You didn't know any spells.
Your spell library was empty.

Dungeon Overview and Level Annotations

Branches:
Dungeon (3/15)

Altars:
Wu Jian


Innate Abilities, Weirdness & Mutations

You cannot be hasted, slowed, berserked, paralysed or teleported.
You can dig through walls and to a lower floor.
Your four strong arms can wield two-handed weapons with a shield.
You have a pair of large antennae on your head. (SInv)


Message History

You are lethally poisoned!
You closely miss the orc wizard.
The orc wizard is almost dead.
You barely miss the orc.
* * * LOW HITPOINT WARNING * * *
You feel very sick. The orc misses you.
The orc wizard gestures at you while chanting.
The magic dart hits you but does no damage.
The orc barely misses you.
* * * LOW HITPOINT WARNING * * *
You feel sick.
The orc wizard gestures at you while chanting.
The magic dart hits you.
* * * LOW HITPOINT WARNING * * *
* * * LOW HITPOINT WARNING * * *
You feel sick.
* * * LOW HITPOINT WARNING * * *
You feel sick.
You die...

#......# ##...#.#.##.#
#......# .##
#...........# #......#
....##..........#
#.##.###
....#...........# ##.##.#
#..............# #..##.#
#..............####.###.#
..#.#............##..#
#.#
........o..@.....##.## #.
.....#o##..##.#.##.# ##.
#{##w##..#....####
#..#{{..##.#..........#
#..o......{...######.#
#...........#..#
.........##...>...>.
#.........##.##........
#............#########.


You could see a worm, an orc wizard and an orc.

Vanquished Creatures
  An adder (D:3)
  4 worms (D:2)
  2 dart slugs
  2 leopard geckos (D:2)
  An orc (D:3)
  5 bats
  3 giant cockroaches
  6 goblins (D:1)
  2 hobgoblins
  2 jackals (D:3)
  A ball python (D:3)
  A frilled lizard (D:2)
  8 kobolds
  7 rats (D:1)
45 creatures vanquished.

Notes
Turn   | Place    | Note
-------+----------+-------------------------------------------
     0 | D:1      | Gauvater the Formicid Fighter began the quest for the Orb.
     0 | D:1      | Reached XP level 1. HP: 18/18 MP: 1/1
    82 | D:1      | Reached XP level 2. HP: 21/24 MP: 2/2
   461 | D:1      | Reached XP level 3. HP: 29/29 MP: 3/3
  1118 | D:2      | Found an ornate altar of the Wu Jian Council.
  1143 | D:2      | Reached XP level 4. HP: 35/35 MP: 4/4
  1613 | D:3      | Succumbed to an orc wizard's poison

Illustrated notes

Levels and vault maps discovered:
D:1:      dpeg_arrival_renting, layout_loops_ring
D:2:      layout_rooms, nzn_wu_jian_contemplation
D:3:      layout_rooms

Skill      XL: |  1  2  3  4 |
---------------+-------------+-----
Shields        | 4 |  4.0
Armour         | 4 |  4.0
Axes           | 3 |  3.0
Fighting       | |  3.5
Dodging        | |  0.9

Action                   |  1- 3 |  4- 6 || total
-------------------------+-------+-------++-------
Melee: War axe           |    97 |    44 ||   141
Throw: Stone             |       |     2 ||     2
  Use: Potion            |       |     1 ||     1
Armor: Scale mail        |    48 |    23 ||    71
Dodge: Dodged            |    39 |    13 ||    52
Block: Kite shield       |    58 |    24 ||    82
